 Dungeon Crawl Stone Soup version 0.29-a0-330-g52719c12eb (webtiles) character file.

Game seed: 5115640945367230912

594 kae the Firebug (level 6, -4/45 HPs)
             Began as a Demigod Fire Elementalist on Apr 23, 2022.
             Slain by Pikel
             ... wielding a +1 whip of freezing
              (7 damage)
             ... on level 3 of the Dungeon.
             The game lasted 00:02:56 (4359 turns).

kae the Firebug (Demigod Fire Elementalist)         Turns: 4359, Time: 00:02:57

Health: -4/45      AC:  3    Str: 15    XL:     6   Next: 94%
Magic:  11/14      EV: 12    Int: 25    God:
Gold:   69         SH:  0    Dex: 14    Spells: 3/12 levels left

rFire   + . .      SeeInvis .   n - +1 dagger (speed)
rCold   x . .      Faith    .   (no shield)
rNeg    . . .      Spirit   .   a - +1 robe
rPois   .          Reflect  .   (no helmet)
rElec   .          Harm     .   (no cloak)
rCorr   .          Rampage  .   (no gloves)
Will    .....                   (no boots)
Stlth   ++........              (no amulet)
HPRegen 0.15/turn               c - +6 ring of strength
MPRegen 0.14/turn               u - ring of fire

@: no status effects
A: high MP 1, forlorn, divine attributes
a: no special abilities


You were on level 3 of the Dungeon.
You visited 1 branch of the dungeon, and saw 4 of its levels.
You also visited: Sewer.

You collected 69 gold pieces.

Inventory:

Hand Weapons
 g - a +0 hand axe
 n - a +1 dagger of speed (weapon)
Missiles
 k - a throwing net
Armour
 a - a +1 robe (worn)
Jewellery
 c - a +6 ring of strength (left hand)
 u - a ring of fire (right hand)
Wands
 o - a wand of flame (39)
Scrolls
 f - a scroll of vulnerability
 j - 4 scrolls of fog
 l - a scroll of blinking
 m - a scroll of noise
Potions
 b - 2 potions of magic
 d - 3 potions of invisibility {unknown}
 e - 3 potions of resistance {unknown}
 h - 2 potions of mutation {unknown}
 i - a potion of might {unknown}
 p - a potion of ambrosia {unknown}
 r - a potion of attraction {unknown}
 s - 3 potions of lignification {unknown}


   Skills:
 - Level 1.7 Dodging
 - Level 1.7 Stealth
 + Level 3.5 Spellcasting
 + Level 3.5 Conjurations
 * Level 5.6 Fire Magic


You had 3 spell levels left.
You knew the following spells:

 Your Spells              Type           Power      Damage    Failure   Level
a - Foxfire               Conj/Fire      100%       2x1d9     1%          1
b - Scorch                Fire           98%        2d10      1%          2
c - Conjure Flame         Conj/Fire      41%        6-21      4%          3
d - Inner Flame           Hex/Fire       27%        N/A       9%          3

Your spell library contained the following spells:

 Spells                   Type           Power      Damage    Failure   Level
 Shock                    Conj/Air       52%        1d6       4%          1
 Swiftness                Air            4%         N/A       28%         3
 Flame Wave               Conj/Fire      41%        2d9       14%         4
 Airstrike                Air            2%         N/A       67%         4


Dungeon Overview and Level Annotations

Branches:
Dungeon (4/15)              Sewer (visited)
 Temple: D:4-7

Annotations:
D:3 Pikel


Innate Abilities, Weirdness & Mutations

You have an increased reservoir of magic. (+10% MP)
You shall have no god before yourself.
Your divine heritage dramatically boosts your attributes as you level up.


Message History

You feel a surge of power!
You conjure some foxfire!
The foxfire hits the lemure.
The lemure is heavily wounded.
The foxfire hits Pikel but does no damage.
Pikel is lightly wounded.
The lemure barely misses you.
Pikel drinks a potion.
Pikel seems to speed up.
You climb upwards.
There is a stone staircase leading down here.
Casting: Foxfire (safe; 1% risk of failure)
Confirm with . or Enter, or press ? or * to list all spells.
You feel a surge of power!
Flames lash Pikel.
Pikel is moderately wounded.
Pikel's fire resistance burns away.
Pikel barely misses you. The lemure hits you. Pikel misses you.
The lemure hits you!
Pikel hits you with a +1 whip of freezing.
Pikel freezes you. Pikel attacks as you move away! Pikel completely misses you.
The lemure barely misses you. The lemure attacks as you move away!
The lemure closely misses you. Pikel attacks as you move away!
Pikel misses you.
Pikel hits you with a +1 whip of freezing.
Pikel freezes you.
Okay, then.
Pikel attacks as you move away!
Pikel hits you with a +1 whip of freezing!
Pikel freezes you.
Pikel is no longer more vulnerable to fire.
Pikel barely misses you. Pikel closely misses you.
Pikel attacks as you move away! Pikel closely misses you.
Pikel attacks as you move away!
Pikel hits you with a +1 whip of freezing.
* * * LOW HITPOINT WARNING * * *
Pikel freezes you.
* * * LOW HITPOINT WARNING * * *
Pikel hits you with a +1 whip of freezing!
* * * LOW HITPOINT WARNING * * *
Pikel freezes you!
You die...

####.........# ##.##.#
#.........# #..#.#
#.........# ##.#.#
#.........# #...#
#.........# ##..#
#.........#######..#
####.........##.......#
..##.........##.###..>#
#.##............@K..#.#
...........#####.#5.#5#
#.##.###...#........#.#
..##.#
#.###.####.....##
####.# #.#
#.##.#......# #.# #.#
#.##.....##.# #.###.#
#........##.# #.....#
####.######.# #######
#....†...#


You could see Pikel (fast) and a lemure.

Vanquished Creatures
  A sky beast (D:3)
  2 kobold brigands (Sewer)
  A necrophage (D:3)
  A hound (D:2)
  Natasha (thrice) (D:3)
  6 adders
  6 river rats
  2 worms (D:3)
  2 dart slugs
  12 ball pythons
  3 endoplasms
  2 giant cockroaches (D:3)
  A goblin (D:3)
  3 hobgoblins
  3 jackals (D:2)
  3 bats (D:3)
  3 frilled lizards
  22 kobolds
  33 rats
109 creatures vanquished.

Vanquished Creatures (others)
  293 foxfires
293 creatures vanquished.

Grand Total: 402 creatures vanquished

Notes
Turn   | Place    | Note
-------+----------+-------------------------------------------
     0 | D:1      | kae the Demigod Fire Elementalist began the quest for the
                  | Orb.
     0 | D:1      | Reached XP level 1. HP: 14/14 MP: 5/5
    67 | D:1      | Reached skill level 1 in Conjurations
   230 | D:1      | Reached skill level 3 in Fire Magic
   394 | D:1      | Reached XP level 2. HP: 20/20 MP: 4/7
   521 | D:1      | Learned a level 2 spell: Scorch
  1178 | D:2      | Reached XP level 3. HP: 26/26 MP: 3/8
  2225 | D:3      | Noticed Natasha
  2225 | D:3      | Noticed a sky beast
  2365 | D:3      | Killed a sky beast
  2366 | D:3      | Reached skill level 4 in Fire Magic
  2366 | D:3      | Reached XP level 4. HP: 33/33 MP: 4/10
  2429 | D:3      | Reached XP level 5. HP: 35/38 MP: 4/11
  2454 | D:3      | Found a glowing drain.
  2463 | Sewer    | Entered a sewer
  2713 | Sewer    | Learned a level 3 spell: Conjure Flame
  2717 | Sewer    | Learned a level 3 spell: Inner Flame
  3091 | Sewer    | Reached skill level 5 in Fire Magic
  3091 | Sewer    | Reached XP level 6. HP: 33/45 MP: 10/13
  3578 | D:3      | Killed Natasha
  3822 | D:3      | Noticed Natasha
  3825 | D:3      | Killed Natasha
  3838 | D:3      | Noticed Natasha
  3839 | D:3      | Killed Natasha
  4339 | D:4      | Noticed Pikel
  4359 | D:3      | Slain by Pikel

Illustrated notes

Levels and vault maps discovered:
D:1:      wheals_arrival_linesprint, layout_basic, hex_tiny,
          minmay_misc_feat_alley
D:2:      layout_loops_cross, basic_altar, shapermc_ecumenical_altar_acropolis
D:3:      layout_basic, mainiacjoe_overflow_brackets, gup_sewer_entry_bubbles,
          uniq_natasha
D:4:      layout_loops_ring, mainiacjoe_overflow_24_doors,
          nzn_wu_jian_council_hall, minmay_temple_entry_ruins, serial_shops,
          nicolae_shop_stone, uniq_pikel, uniq_sigmund

Skill      XL: |  1  2  3  4  5 |
---------------+----------------+-----
Conjurations   | 1 2 3 |  3.5
Fire Magic     | 3 4 5 |  5.6
Spellcasting   | 2 3 |  3.5
Dodging        | |  1.7
Stealth        | |  1.7

Action                   |  1- 3 |  4- 6 || total
-------------------------+-------+-------++-------
Melee: Unarmed           |     4 |       ||     4
       Dagger            |    13 |     6 ||    19
 Cast: Foxfire           |    66 |   112 ||   178
       Scorch            |     1 |     5 ||     6
  Use: Scroll            |     9 |       ||     9
 Stab: Sleeping          |     1 |       ||     1
Armor: Robe              |     6 |     6 ||    12
Dodge: Dodged            |    12 |    31 ||    43

Table legend: (Time is in decaauts)
 A = Elapsed time spent in this place.
 B = Non-inter-level travel time spent in this place.
 C = Inter-level travel time spent in this place.
 D = Time resting spent in this place.
 E = Time spent auto-exploring this place.
 F = Levels seen in this place.
 G = Mean time per level.
                   A        B        C        D        E       F      G
               +--------+--------+--------+--------+--------+-----+--------+
         Total |   4424 |   4244 |    180 |    101 |   3341 |   5 |  884.8 |
       Dungeon |   3345 |   3165 |    180 |     81 |   2551 |   4 |  836.2 |
         Sewer |   1078 |   1078 |      0 |     20 |    790 |   1 | 1078.0 |
               +--------+--------+--------+--------+--------+-----+--------+

Top non-repeatable levels by time:
     D:3: 1138 daAuts
     D:2: 1101 daAuts
     D:1: 1096 daAuts
   Sewer: 1078 daAuts
     D:4: 9 daAuts
